 Dungeon Crawl Stone Soup version 0.29.1-1-gd02db6906a (webtiles) character file.

Game seed: 6861182737511489928

17452 Cape the Cleaver (level 12, -6/113 HPs)
             Began as a Minotaur Berserker on Oct 21, 2022.
             Was a High Priest of Trog.
             Mangled by a seven-headed hydra (9 damage)
             ... on level 3 of the Lair of Beasts.
             The game lasted 00:32:15 (15837 turns).

Cape the Cleaver (Minotaur Berserker)              Turns: 15837, Time: 00:32:15

Health: -6/113     AC: 12    Str: 26    XL:     12   Next: 19%
Magic:  11/11      EV: 11    Int:  4    God:    Trog [*****.]
Gold:   346        SH: 12    Dex: 17    Spells: 11/11 levels left

rFire   . . .      SeeInvis .   E - +1 broad axe (drain)
rCold   . . .      Faith    .   C - +0 kite shield
rNeg    . . .      Spirit   .   b - +0 chain mail
rPois   +          Reflect  .   (helmet restricted)
rElec   .          Harm     .   (no cloak)
rCorr   .          Rampage  .   (no gloves)
Will    .....                   D - +0 pair of boots
Stlth   ..........              (no amulet)
HPRegen 0.28/turn               e - +6 ring of dexterity
MPRegen 0.12/turn               u - ring of poison resistance

@: hasted, very quick
A: horns 2, retaliatory headbutt
a: Renounce Religion, Berserk, Trog's Hand, Brothers in Arms


You were on level 3 of the Lair of Beasts.
You worshipped Trog.
Trog was extremely pleased with you.
You visited 2 branches of the dungeon, and saw 12 of its levels.

You collected 598 gold pieces.
You spent 252 gold pieces at shops.

Inventory:

Hand Weapons
 E - a +1 broad axe of draining (weapon)
 P - a +7 halberd
Missiles
 j - 3 boomerangs
 m - 8 atropa-tipped darts
 n - 17 javelins
 o - 44 poisoned darts
 q - 2 throwing nets
Armour
 b - a +0 chain mail (worn)
 C - a +0 kite shield (worn)
 D - a +0 pair of boots (worn)
Jewellery
 e - a +6 ring of dexterity (left hand)
 k - a ring of protection from cold
 u - a ring of poison resistance (right hand)
Wands
 r - a wand of roots (18)
 s - a wand of quicksilver (4)
 y - a wand of flame (48) (quivered)
 F - a wand of paralysis (10)
 I - a wand of mindburst (17)
 K - a wand of polymorph (4)
Scrolls
 a - a scroll of noise
 d - a scroll of immolation {unknown}
 v - 2 scrolls of fear
 w - 3 scrolls of fog
 z - 4 scrolls of blinking
 B - 3 scrolls of teleportation {unknown}
 G - 2 scrolls of identify
 H - a scroll of vulnerability {unknown}
 J - a scroll of poison
 L - a scroll of silence {unknown}
 N - a scroll of enchant armour {unknown}
Potions
 c - 5 potions of flight
 f - a potion of haste
 g - a potion of might
 h - 11 potions of curing
 i - 3 potions of invisibility
 l - a potion of cancellation
 p - a potion of magic {unknown}
 t - a potion of resistance
 x - a potion of berserk rage {unknown}
 A - 2 potions of lignification
 M - a potion of mutation
 O - a potion of heal wounds {unknown}


   Skills:
 * Level 12.3 Fighting
 * Level 12.4 Axes
 + Level 8.8 Armour
 + Level 8.1 Dodging
 * Level 9.6 Shields
 + Level 6.2 Evocations


You had 11 spell levels left.
You didn't know any spells.
Your spell library was empty.

Dungeon Overview and Level Annotations

Branches:
Dungeon (9/15)             Temple (0/1) D:4            Lair (3/5) D:9
 Shoals (0/4) Lair:2        Snake (0/4) Lair:2
    Orc: D:9-12

Altars:
Dithmenos
Gozag
Hepliaklqana
Ru
Uskayaw
Vehumet
Wu Jian
Zin
The Shining One

Shops:
D:5 (   D:7 *


Innate Abilities, Weirdness & Mutations

You have a pair of horns on your head.
You reflexively headbutt those who attack you in melee.


Message History

The seven-headed hydra bites you!
You block the seven-headed hydra's attack. x2
The yak gores you but does no damage. The yak attacks as you move away!
You block the yak's attack. The yak attacks as you move away!
The yak gores you.
You block the seven-headed hydra's attack.
The seven-headed hydra bites you.
The seven-headed hydra bites you but does no damage. x2
The seven-headed hydra barely misses you.
The seven-headed hydra bites you but does no damage. x2
You block the yak's attack.
The seven-headed hydra attacks as you move away!
The seven-headed hydra misses you. The seven-headed hydra bites you.
The seven-headed hydra barely misses you.
You block the seven-headed hydra's attack.
The seven-headed hydra bites you.
You block the seven-headed hydra's attack.
The seven-headed hydra bites you but does no damage.
The seven-headed hydra attacks as you move away!
The seven-headed hydra bites you!
You block the seven-headed hydra's attack.
The seven-headed hydra bites you but does no damage.
The seven-headed hydra bites you. The seven-headed hydra bites you!
* * * LOW HITPOINT WARNING * * *
The seven-headed hydra bites you but does no damage.
The seven-headed hydra bites you.
* * * LOW HITPOINT WARNING * * *
Okay, then.
Unknown command.
You feel yourself speed up.
The seven-headed hydra bites you but does no damage.
The seven-headed hydra bites you!
* * * LOW HITPOINT WARNING * * *
The seven-headed hydra bites you!
* * * LOW HITPOINT WARNING * * *
The seven-headed hydra bites you.
* * * LOW HITPOINT WARNING * * *
You block the seven-headed hydra's attack.
The seven-headed hydra bites you!
You die...

##.# ##..# #...#
##...#######
#.....##.P.####.
##.....##........
.#......Y........P
Y......<.....YD.......#
YY............@........
.......................
.#......<..............
##....................
##...................
##................<.
#...................
##...................
#..P.................


You could see a seven-headed hydra and 2 yaks.

Vanquished Creatures
  A boulder beetle (Lair:2)
  A two-headed ogre (D:9)
  A centaur warrior (D:8)
  Urug (Lair:1)
  A merfolk siren (Lair:2)
  Joseph (D:8)
  3 elephants (Lair:1)
  5 cane toads
  Maggie (D:7)
  Psyche (D:9)
  A tengu conjurer (D:8)
  A troll (D:6)
  2 polar bears
  3 merfolk (Lair:2)
  The ghost of OwlCat the Stinger, an amateur DrVM (D:4)
  Grinder (D:3)
  Prince Ribbit (D:8)
  4 blink frogs (Lair:1)
  A shadow (D:8)
  3 wyverns
  12 yaks
  A basilisk (Lair:3)
  2 steam dragons
  3 nagas (Lair:2)
  An acid dragon (D:7)
  8 water moccasins
  3 orc warriors
  A sky beast (D:6)
  An ice beast (D:6)
  An ogre (D:6)
  5 wolves
  A centaur (D:8)
  2 kobold brigands
  Blork the orc (D:4)
  9 bullfrogs
  A gnoll sergeant (D:5)
  4 necrophages
  2 scorpions
  9 wights
  10 killer bees
  7 howler monkeys
  3 quasits (D:4)
  3 hounds
  3 jellies
  7 orc priests
  2 gnoll boudas
  4 iguanas
  Natasha (thrice) (D:2)
  9 orc wizards
  Robin (D:3)
  15 gnolls
  2 adders
  2 shadow imps (D:5)
  3 white imps
  An ufetubus (D:5)
  A worm (D:3)
  4 dart slugs
  26 orcs
  3 ball pythons (D:1)
  4 endoplasms (D:1)
  3 giant cockroaches (D:2)
  10 goblins
  6 hobgoblins
  12 jackals
  4 quokkas
  2 bats
  7 frilled lizards
  17 kobolds
  8 rats
283 creatures vanquished.

Vanquished Creatures (others)
  4 fungi
  8 plants
12 creatures vanquished.

Grand Total: 295 creatures vanquished

Notes
Turn   | Place    | Note
-------+----------+-------------------------------------------
     0 | D:1      | Cape the Minotaur Berserker began the quest for the Orb.
     0 | D:1      | Reached XP level 1. HP: 19/19 MP: 0/0
   355 | D:1      | Reached XP level 2. HP: 27/27 MP: 1/1
   709 | D:1      | Reached XP level 3. HP: 13/33 MP: 2/2
  1789 | D:2      | Noticed Natasha
  1793 | D:2      | Killed Natasha
  1794 | D:2      | Reached skill level 1 in Evocations
  1794 | D:2      | Reached XP level 4. HP: 13/40 MP: 3/3
  2367 | D:2      | Noticed Natasha
  2372 | D:2      | Killed Natasha
  2372 | D:2      | Reached ** piety under Trog
  2531 | D:2      | Noticed Natasha
  2537 | D:2      | Killed Natasha
  2947 | D:3      | Reached XP level 5. HP: 44/47 MP: 4/4
  3104 | D:3      | Noticed Robin
  3122 | D:3      | Killed Robin
  3325 | D:3      | Noticed Grinder
  3342 | D:3      | Killed Grinder
  3343 | D:3      | Reached skill level 5 in Fighting
  3343 | D:3      | Reached skill level 5 in Axes
  3343 | D:3      | Reached XP level 6. HP: 20/56 MP: 5/5
  4192 | D:4      | Identified the +3 leather armour "Qagetz" {rN+ Str+4}
  4303 | D:4      | Found a transporter.
  4356 | D:4      | Found a transporter.
  4370 | D:4      | Reached XP level 7. HP: 58/62 MP: 6/6
  4370 | D:4      | Noticed OwlCat's ghost (amateur DrVM)
  4444 | D:4      | Noticed Blork the orc
  4450 | D:4      | Killed Blork the orc
  4638 | D:4      | Found a staircase to the Ecumenical Temple.
  5533 | D:4      | Killed OwlCat's ghost
  5641 | D:5      | Entered Level 5 of the Dungeon
  5641 | D:5      | Found Zael Ylo's Weapon Shop.
  5650 | D:5      | Reached *** piety under Trog
  5651 | D:5      | Reached XP level 8. HP: 62/71 MP: 7/7
  5681 | D:5      | Found a radiant altar of Vehumet.
  5994 | D:5      | Reached skill level 5 in Armour
  6622 | D:5      | Found a sacrificial altar of Ru.
  6977 | D:6      | Reached skill level 5 in Dodging
  7065 | D:6      | Noticed a troll
  7079 | D:6      | Killed a troll
  7080 | D:6      | Reached skill level 1 in Shields
  7598 | D:6      | Reached XP level 9. HP: 58/81 MP: 8/8
  7967 | D:6      | Found an opulent altar of Gozag.
  7967 | D:6      | Found a glowing silver altar of Zin.
  8289 | D:6      | Reached **** piety under Trog
  8770 | D:6      | Found a shadowy altar of Dithmenos.
  8774 | D:6      | Found a hazy altar of Hepliaklqana.
  9143 | D:7      | Noticed Maggie
  9153 | D:7      | Killed Maggie
  9985 | D:7      | Found Zekhur's Assorted Antiques.
  9992 | D:7      | Bought a scroll of identify for 42 gold pieces
  9992 | D:7      | Bought a scroll of identify for 42 gold pieces
  9992 | D:7      | Bought a scroll of identify for 42 gold pieces
  9992 | D:7      | Bought a potion of curing for 63 gold pieces
  9992 | D:7      | Bought a potion of curing for 63 gold pieces
 10014 | D:7      | Reached skill level 5 in Shields
 10108 | D:7      | Reached XP level 10. HP: 91/91 MP: 9/9
 10627 | D:8      | Found a glowing golden altar of the Shining One.
 11001 | D:8      | Noticed a centaur warrior
 11009 | D:8      | Killed a centaur warrior
 11010 | D:8      | Reached skill level 10 in Axes
 11057 | D:8      | Reached skill level 10 in Fighting
 11751 | D:8      | Noticed Joseph
 11751 | D:8      | Noticed Prince Ribbit
 11759 | D:8      | Killed Prince Ribbit
 11768 | D:8      | Killed Joseph
 11769 | D:8      | Reached skill level 5 in Evocations
 12142 | D:9      | Found an ornate altar of the Wu Jian Council.
 12186 | D:9      | Noticed Psyche
 12193 | D:9      | Killed Psyche
 12331 | D:9      | Reached XP level 11. HP: 82/101 MP: 10/10
 12332 | D:9      | Reached ***** piety under Trog
 12501 | D:9      | Found a staircase to the Lair.
 12585 | D:9      | Noticed a two-headed ogre
 12592 | D:9      | Killed a two-headed ogre
 12760 | D:9      | Found a hide-covered altar of Uskayaw.
 12853 | Lair:1   | Entered Level 1 of the Lair of Beasts
 13476 | Lair:1   | Noticed Urug
 13493 | Lair:1   | Killed Urug
 14207 | Lair:2   | Found a staircase to the Shoals.
 14519 | Lair:2   | Noticed a boulder beetle
 14527 | Lair:2   | Killed a boulder beetle
 14682 | Lair:2   | Reached XP level 12. HP: 74/112 MP: 11/11
 14870 | Lair:2   | Found a staircase to the Snake Pit.
 15110 | Lair:2   | Received a gift from Trog
 15823 | Lair:3   | Noticed a seven-headed hydra
 15837 | Lair:3   | HP: 4/113 [seven-headed hydra (9)]
 15837 | Lair:3   | Mangled by a seven-headed hydra

Illustrated notes

Levels and vault maps discovered:
D:1:      beargit_arrival_greenhouse, layout_basic
D:2:      layout_loops_ring, serial_aquarium, aquarium_bridge_square
          [aquarium_subvault_wall, aquarium_subvault_wall,
          aquarium_subvault_bridge, aquarium_subvault_bridge],
          aquarium_bridge_square [aquarium_subvault_wall,
          aquarium_subvault_balcony, aquarium_subvault_bridge,
          aquarium_subvault_window], aquarium_window_fake, aquarium_window_fake,
          aquarium_window_corner, aquarium_view_2d, aquarium_view_2d,
          aquarium_pool_2, uniq_natasha
D:3:      layout_basic, uniq_grinder, uniq_robin
D:4:      layout_rooms, minmay_temple_entry_proselytizer,
          gammafunk_ghost_stat_death, serial_co_window_serial,
          co_window_corner_a, co_window_of_opportunity_a, co_window_corner_a,
          co_window_corner_a, co_window_corner_a, co_window_paths_c,
          co_window_paths_c, co_window_of_opportunity_b, co_window_cross_2,
          co_window_4corner_b, glass_columns_b, glass_columns_c,
          glass_columns_a, uniq_blork_the_orc
D:5:      layout_loops_ring, lemuel_round_altar,
          mainiacjoe_overflow_concentric_impassable, serial_shops, shop_statue,
          minmay_misc_feat_four_crosses, serial_park_tiny_1
D:6:      layout_layer_cave, grunt_temple_overflow_gold_and_silver,
          riverfiend_overflow_shadow_ancestor, grunt_decor_fettered,
          minmay_microvault
D:7:      layout_loops_ring, serial_shops, nicolae_shop_overgrown_old_shop,
          uniq_maggie
D:8:      layout_loops_corners, nicolae_tso_swordbearing_angel,
          minmay_three_doors, uniq_joseph, uniq_prince_ribbit1
D:9:      layout_rooms, nicolae_wu_jian_immortal_techniques,
          nicolae_uskayaw_suspiria, uniq_psyche
Lair:1:   layout_concentric_octagons, guppyfry_lair_drakes, uniq_urug
Lair:2:   layout_cave_pods, elwin_shoals_entry_stream,
          guppyfry_snake_entry_garden
Lair:3:   layout_cave_pods, minmay_lindwurm_lava

Skill      XL: |  1  2  3  4  5  6  7  8  9 10 11 12 |
---------------+-------------------------------------+-----
Axes           | 4 5 6 7 8 9 10 12 | 12.4
Fighting       | 4 5 6 8 9 10 12 | 12.3
Armour         | 3 4 5 6 7 8 |  8.8
Evocations     | 1 2 3 4 5 6 |  6.2
Dodging        | 3 4 5 6 7 8 |  8.1
Shields        | 2 5 7 9 |  9.6

Action                   |  1- 3 |  4- 6 |  7- 9 | 10-12 || total
-------------------------+-------+-------+-------+-------++-------
Melee: Hand axe          |    74 |    96 |   267 |       ||   437
       Headbutt          |    12 |    19 |    75 |    52 ||   158
       Punch             |       |     1 |     3 |       ||     4
       Broad axe         |       |       |    38 |   293 ||   331
Throw: Boomerang         |    13 |       |     6 |       ||    19
Invok: Berserk           |       |     2 |     2 |     3 ||     7
       Trog's Hand       |       |     1 |       |     1 ||     2
Evoke: Wand              |       |       |       |    10 ||    10
  Use: Scroll            |       |     6 |     6 |     4 ||    16
       Potion            |       |     2 |     1 |     3 ||     6
 Stab: Sleeping          |     1 |     1 |       |       ||     2
       Distracted        |     1 |       |       |       ||     1
Armor: Animal skin       |    11 |       |       |       ||    11
       Scale mail        |       |     5 |       |       ||     5
       Chain mail        |       |    30 |   131 |   105 ||   266
Dodge: Dodged            |    41 |    47 |   141 |   124 ||   353
Block: Kite shield       |       |       |    75 |   178 ||   253
